 Dungeon Crawl Stone Soup version 0.31.0-12-g77e489cdc1 (webtiles) character file.

Game seed: 3523080143277353104

205 Ruich the Caller (level 5, -2/31 HPs)
             Began as an Octopode Summoner on Feb 12, 2024.
             Was a Plaything of Xom.
             Slain by an orc
             ... wielding a +1 mace of protection
              (9 damage)
             ... on level 2 of the Dungeon.
             The game lasted 00:05:43 (2265 turns).

Ruich the Caller (Octopode Summoner)                Turns: 2265, Time: 00:05:44

Health: -2/31      AC:  1    Str:  9    XL:     5   Next: 83%
Magic:  3/10       EV: 13    Int: 18    God:    Xom [...*..]
Gold:   119        SH:  0    Dex: 12    Spells: 3/11 levels left

rFire   . . .        i - +0 whip
rCold   + . .        (no shield)
rNeg    . . .        (helmet restricted)
rPois   .            (no amulet)
rElec   .            C - ring of protection from cold
rCorr   .            (no ring)
SInv    .            (no ring)
Will    .....        (no ring)
Stlth   +++          (no ring)
HPRegen 0.25/turn    (no ring)
MPRegen 0.12/turn    (no ring)
                     (no ring)

%: no passive effects
@: attractive, inugami summoned
A: almost no armour, amphibious, 8 rings, camouflage 1, gelatinous body 1,
(nimble swimmer 1), tentacles
a: Renounce Religion


You were on level 2 of the Dungeon.
You worshipped Xom.
You were a favourite toy of Xom.
You visited 1 branch of the dungeon, and saw 3 of its levels.

You collected 119 gold pieces.


Innate Abilities, Weirdness & Mutations

You cannot wear most types of armour.
You are amphibious.
You can wear up to eight rings at the same time.
Your skin changes colour to match your surroundings (Stealth+).
Your rubbery body absorbs attacks. (AC +1, EV +1)
((You are camouflaged when in or above water. (Stealth+)))
You have tentacles for arms and can constrict up to eight enemies at once.


   Skills:
 - Level 2.0 Dodging
 - Level 2.6 Stealth
 + Level 3.5 Spellcasting
 + Level 5.7 Summonings
 + Level 1.5 Fire Magic


You had 3 spell levels left.
You knew the following spells:

 Your Spells              Type           Power      Damage    Failure   Level
c - Call Canine Familiar  Summ           23%        N/A       4%          3
z - Summon Small Mammal   Summ           92%        N/A       1%          1
X - Summon Blazeheart Go  Fire/Summ      16%        N/A       34%         4

Your spell library contained the following spells:

 Spells                   Type           Power      Damage    Failure   Level
 Call Imp                 Summ           46%        N/A       2%          2
 Freeze                   Ice            12%        1d3       16%         1
 Frozen Ramparts          Ice            6%         1d1       43%         3
 Hailstorm                Conj/Ice       3%         3d5       43%         3
 Summon Lightning Spire   Summ/Air       13%        N/A       43%         4

Inventory:

Hand Weapons
 i - a +0 whip (weapon)
Jewellery
 C - a ring of protection from cold (left tentacle)
Scrolls
 b - a scroll of silence {unknown}
 c - a scroll of identify {unknown}
 d - a scroll of fear {unknown}
 e - a scroll of blinking {unknown}
 h - a scroll of amnesia {unknown}
Potions
 a - 2 potions of magic
 f - a potion of ambrosia {unknown}
 g - a potion of cancellation {unknown}
 j - a potion of degeneration {unknown}
 k - a potion of curing {@q1}

Dungeon Overview and Level Annotations

Branches:
Dungeon (3/15)

Altars:
Xom

#.........#####...............#
##........##..........#########
#........##..........#
#.........#..........#
####....................#
...#........##..........#
##.#........##....S.....#
#.#........##...h......#
#.#........##..@o......#
#.#.####...#############
#.#.######## #.#.......#
#.#######.# #.# #.# #.# #.# #.#
#.# #.# #.#


You could see an adder (ally target), an orc and a friendly inugami (summoned).


Message History

Unknown command.
* * * LOW HITPOINT WARNING * * *
You feel sick.
The adder bites your inugami but does no damage.
The giant cockroach bites you.
* * * LOW HITPOINT WARNING * * *
The orc hits your inugami with a +1 mace of protection!
Your inugami barely misses the giant cockroach.
Unknown command.
It was a potion of curing.
You feel better. The adder misses your inugami. The giant cockroach bites you.
* * * LOW HITPOINT WARNING * * *
The orc closely misses your inugami.
The adder bites your inugami but does no damage.
The giant cockroach closely misses you.
Your inugami hits the giant cockroach.
Unknown command.
You hit the giant cockroach.
You kill the giant cockroach!
The adder misses your inugami.
Your inugami hits the adder. You hit the orc but do no damage.
Your grab misses the orc. The adder bites your inugami.
The orc barely misses you.
Your inugami hits the adder.
The adder bites your inugami but does no damage.
You barely miss the orc. You grab the orc. You squeeze the orc.
The orc is lightly wounded.
You constrict the orc. The orc barely misses you.
The adder barely misses your inugami.
Your inugami closely misses the adder.
The orc hits you with a +1 mace of protection!
You die... "It's all fun and games until someone loses an eye."

Skill      XL: |  1  2  3  4  5 |
---------------+----------------+-----
Summonings     | 5 |  5.7
Spellcasting   | 3 |  3.5
Fire Magic     | 1 |  1.5
Dodging        | |  2.0
Stealth        | |  2.6

Action                     |  1- 3 |  4- 6 || total
---------------------------+-------+-------++-------
  Melee: Unarmed           |    28 |       ||    28
         Constrict         |    20 |    11 ||    31
         Tentacles         |     9 |     6 ||    15
         Dagger            |    24 |     3 ||    27
         Punch             |     1 |       ||     1
         Whip              |       |    33 ||    33
   Cast: Summon Small Mamm |    28 |    18 ||    46
         Call Canine Famil |       |    12 ||    12
    Use: Potion            |       |     1 ||     1
   Stab: Distracted        |     1 |       ||     1
         Sleeping          |       |     1 ||     1
 Armour: Skin              |    32 |    35 ||    67
  Dodge: Dodged            |    62 |    40 ||   102

Levels and vault maps discovered:
D:1:      shiori_arrival_maze, layout_rooms, basic_ecumenical_altar
D:2:      layout_basic, basic_altar, uniq_natasha
D:3:      layout_rooms, old_standard_altar, serial_undead, serial_undead_e,
          serial_undead_a, serial_undead_e, serial_undead_c, uniq_ijyb

Notes
Turn   | Place    | Note
-------+----------+-------------------------------------------
     0 | D:1      | Ruich the Octopode Summoner began the quest for the Orb.
     0 | D:1      | Reached XP level 1. HP: 11/11 MP: 3/3
    73 | D:1      | Reached XP level 2. HP: 17/17 MP: 3/5
   419 | D:1      | Reached XP level 3. HP: 14/21 MP: 3/6
   461 | D:1      | Found a faded altar of an unknown god.
   478 | D:1      | Prayed at the altar of an unknown god.
   478 | D:1      | Became a worshipper of Xom of Chaos
   498 | D:1      | XOM: silly message
   578 | D:1      | XOM: silly message
   887 | D:2      | Reached skill level 5 in Summonings
   891 | D:2      | Learned a level 3 spell: Call Canine Familiar
   960 | D:2      | Found a shimmering altar of Xom.
   962 | D:2      | Reached XP level 4. HP: 25/27 MP: 5/8
   986 | D:2      | XOM: smoke on damage
   998 | D:2      | XOM: smoke on damage
  1007 | D:2      | Reached skill level 3 in Spellcasting
  1126 | D:2      | Learned a level 4 spell: Summon Blazeheart Golem
  1227 | D:2      | Noticed Natasha
  1236 | D:2      | Killed Natasha
  1237 | D:2      | Reached XP level 5. HP: 28/31 MP: 9/9
  1321 | D:2      | Noticed Natasha
  1345 | D:2      | Killed Natasha
  1346 | D:2      | Reached skill level 1 in Fire Magic
  1596 | D:2      | Noticed Natasha
  1606 | D:2      | Killed Natasha
  1832 | D:2      | XOM: polymorph inugami -> hobgoblin
  2254 | D:3      | XOM: potion effect (attraction)
  2261 | D:2      | HP: 2/31 [giant cockroach (2)]
  2265 | D:2      | Slain by an orc

Vanquished Creatures
  Natasha (twice) (D:2)
  An adder (D:2)
  3 gnolls (D:2)
  3 dart slugs (D:1)
  2 endoplasms (D:1)
  2 giant cockroaches
  2 goblins
  3 jackals (D:1)
  2 ball pythons
  2 bats
  A frilled lizard (D:1)
  A kobold (D:1)
  5 rats
29 creatures vanquished.

Vanquished Creatures (collateral kills)
  Natasha (D:2)
  3 adders (D:2)
  A dart slug (D:1)
  A ribbon worm (D:2)
  6 ball pythons
  2 bats
  2 endoplasms (D:2)
  2 giant cockroaches
  3 goblins (D:2)
  2 hobgoblins (D:1)
  2 jackals (D:1)
  5 kobolds
  A rat (D:1)
31 creatures vanquished.

Grand Total: 60 creatures vanquished

Table legend: (Time is in decaauts)
 A = Elapsed time spent in this place.
 B = Non-inter-level travel time spent in this place.
 C = Inter-level travel time spent in this place.
 D = Time resting spent in this place.
 E = Time spent auto-exploring this place.
 F = Levels seen in this place.
 G = Mean time per level.
                   A        B        C        D        E       F      G
               +--------+--------+--------+--------+--------+-----+--------+
         Total |   2267 |   2169 |     98 |    522 |   1139 |   3 |  755.7 |
       Dungeon |   2267 |   2169 |     98 |    522 |   1139 |   3 |  755.7 |
               +--------+--------+--------+--------+--------+-----+--------+

Top non-repeatable levels by time:
     D:2: 1381 daAuts
     D:1: 873 daAuts
     D:3: 13 daAuts

Table legend:
 A = Non-vault XP
 B = Vault XP
 C = Vault XP percentage of total XP
 D = Non-vault monster count
 E = Vault monster count
 F = Vault count percentage of total count
                 A         B        C        D         E       F
            +---------+---------+-------+---------+---------+-------
      Total |     256 |      38 |  12.9 |      57 |       3 |   5.0
            +---------+---------+-------+---------+---------+-------
        D:1 |      60 |       3 |   4.8 |      32 |       2 |   5.9
        D:2 |     196 |      35 |  15.2 |      25 |       1 |   3.8
            +---------+---------+-------+---------+---------+-------
